 Dungeon Crawl Stone Soup version 0.29.0-7-g18a832c13a (webtiles) character file.

Game seed: 9084746905110688858

9 gelatine the Trooper (level 2, -3/32 HPs)
             Began as an Ogre Delver on Aug 31, 2022.
             Slain by an orc
             ... wielding a +0 mace
              (4 damage)
             ... on level 3 of the Dungeon.
             The game lasted 00:00:53 (89 turns).

gelatine the Trooper (Ogre Delver)                    Turns: 89, Time: 00:00:54

Health: -3/32      AC:  3    Str: 15    XL:     2   Next: 12%
Magic:  2/2        EV: 10    Int: 11    God:
Gold:   3          SH:  0    Dex: 10    Spells: 1/1 levels left

rFire   . . .      SeeInvis .   a - +0 hand axe
rCold   . . .      Faith    .   (no shield)
rNeg    . . .      Spirit   .   b - +0 robe
rPois   .          Reflect  .   (helmet restricted)
rElec   .          Harm     .   (no cloak)
rCorr   .          Rampage  .   (gloves unavailable)
Will    .....                   (boots unavailable)
Stlth   ++........              (no amulet)
HPRegen 0.10/turn               (no ring)
MPRegen 0.08/turn               (no ring)

@: no status effects
A: large, unfitting armour, tough skin 1
a: no special abilities


You were on level 3 of the Dungeon.
You visited 1 branch of the dungeon, and saw 3 of its levels.

You collected 3 gold pieces.

Inventory:

Hand Weapons
 a - a +0 hand axe (weapon)
Armour
 b - a +0 robe (worn)
Wands
 g - a wand of digging (3)
Scrolls
 c - a scroll of fog
 e - a scroll of fear
 i - a scroll of identify {unknown}
Potions
 d - a potion of might {unknown}
 f - a potion of haste
 h - a potion of curing {unknown}
 j - a potion of mutation {unknown}


   Skills:
 + Level 4.1 Fighting
 + Level 2.1 Axes
 + Level 1.8 Dodging
 + Level 4.0 Stealth


You had one spell level left.
You didn't know any spells.
Your spell library was empty.

Dungeon Overview and Level Annotations

Branches:
Dungeon (5/15)             Temple (0/1) D:5

Altars:


Innate Abilities, Weirdness & Mutations

You are too large for most types of armour.
You have tough skin. (AC +1)


Message History

You slash the orc!
You kill the orc!
The orc hits you with a +0 whip.
You closely miss the orc. The orc hits you with a +0 whip.
You hit the orc but do no damage. The orc hits you with a +0 whip.
You hit the orc.
The orc is almost dead.
The orc hits you with a +0 whip.
You hit the orc.
You kill the orc!
You have reached level 2!
You hit the orc.
The orc is moderately wounded.
The orc hits you but does no damage. The orc closely misses you.
You barely miss the orc.
The orc is lightly wounded.
The orc closely misses you.
You closely miss the orc.
The orc is lightly wounded.
The orc hits you with a +0 club.
You slash the orc!
You kill the orc!
Your Stealth skill increases to level 4!
You hit the orc.
The orc is heavily wounded.
The orc hits you with a +0 mace.
* * * LOW HITPOINT WARNING * * *
You barely miss the orc.
The orc is heavily wounded.
The orc hits you with a +0 mace.
* * * LOW HITPOINT WARNING * * *
The orc barely misses you.
You barely miss the orc.
The orc is heavily wounded.
The orc completely misses you.
Okay, then.
You closely miss the orc.
The orc is heavily wounded.
The orc hits you with a +0 mace.
You die...

#.#............
#.##......#####
#.##...⌠.##
#.##....##
#.##...##
#.##..##
#.##..# #.##..#
#@##..#
#o##.†##
#.###..##
#.)##...##
##.#...⌠.##
#........#
#...........
#.#########.
#.# .


You could see an orc.

Vanquished Creatures
  3 orcs (D:3)
  A giant cockroach (D:3)
  A frilled lizard (D:3)
  A kobold (D:3)
6 creatures vanquished.

Notes
Turn   | Place    | Note
-------+----------+-------------------------------------------
     0 | D:5      | gelatine the Ogre Delver began the quest for the Orb.
     0 | D:5      | Reached XP level 1. HP: 24/24 MP: 1/1
    13 | D:5      | Noticed a gnoll bouda
    82 | D:3      | Reached XP level 2. HP: 11/32 MP: 2/2
    87 | D:3      | HP: 1/32 [orc/+0 mace (6)]
    89 | D:3      | Slain by an orc

Illustrated notes

Levels and vault maps discovered:
D:3:      layout_loops_ring, nicolae_overflow_ecumenical_swirl
D:4:      layout_loops_ring, regret_index_temple_of_mockery,
          kiku_gazebo_pond_becter, kennysheep_mini_moat, ebering_ghost_sewer_f,
          minmay_shop_grid_forest
D:5:      layout_rooms, nicolae_overflow_hidden_temple,
          nicolae_overflow_crystal_walls, minmay_temple_entry_enclosed_plants,
          minmay_mini_ossuary

Skill      XL: |  1  2 |
---------------+-------+-----
Stealth        | 4 |  4.0
Fighting       | |  4.1
Axes           | |  2.1
Dodging        | |  1.8

Action                   || total
-------------------------++-------
Melee: Hand axe          ||    27
       Punch             ||     1
  Use: Scroll            ||     1
Armor: Robe              ||     5
Dodge: Dodged            ||    13
